 Dungeon Crawl Stone Soup version 0.31.0-1-g2c135a008e (webtiles) character file.

Game seed: 9609404775458144088

182444 qw the Marksdjinni (level 19, -12/143 HPs)
             Began as a Djinni Hunter on Jan 23, 2024.
             Was a High Priest of Okawaru.
             Mangled by a steelbarb worm (21 damage)
             ... on level 4 of the Spider Nest.
             The game lasted 00:04:39 (24310 turns).

qw the Marksdjinni (Djinni Hunter)                 Turns: 24310, Time: 00:04:40

Health: -12/143    AC: 14    Str: 10    XL:     19   Next: 3%
Gold:   938        EV: 35    Int:  5    God:    Okawaru [*****.] SH:  0 Dex: 22

rFire   + + +        n - +7 hand cannon "Mule" {flame, backblast, rF+}
rCold   x . .        (no shield)
rNeg    + . .        j - +1 robe of Grot {rN+ Regen+ rCorr Int-5}
rPois   inf          (helmet restricted)
rElec   +            d - +1 cloak
rCorr   +            i - +2 pair of gloves of Lust {rElec rPois Int-2 Stlth+}
SInv    .            (boots unavailable)
Will    +....        w - amulet of faith
Stlth   +++++        y - +5 ring of evasion
HPRegen 1.23/turn    e - +4 ring of protection
MPRegen 0.00/turn

%: faith, infuse magic (-13 HP)
@: about to teleport, heroic, finesse-ful, marked, flying
A: sickness immunity, fire resistance 2, cold vulnerability 1, float, innate
caster, HP casting, extra vitality 1, horns 1, clumsy 1, evolution 1
a: Renounce Religion, Heroism, Finesse, Duel


You were on level 4 of the Spider Nest.
You worshipped Okawaru.
Okawaru was extremely pleased with you.
You visited 6 branches of the dungeon, and saw 30 of its levels.

You collected 2693 gold pieces.
You spent 1755 gold pieces at shops.


Innate Abilities, Weirdness & Mutations

You are immune to sickness and miasma.
You are immune to poison.
Your flesh is very heat resistant. (rF++)
You are vulnerable to cold. (rC-)
You float through the air rather than walking.
You learn spells naturally, not from books.
Your magical power is your life essence.
You have superior vitality. (+4 MHP)
You have a pair of small horns on your head.
You are clumsy. (Dex -2)
You have hidden genetic potential.


   Skills:
 - Level 15.0(20.0) Fighting
 + Level 19.0(24.0) Ranged Weapons
 - Level 6.0(11.0) Armour
 - Level 17.0(22.0) Dodging
 - Level 0.7(5.7) Stealth
 - Level 10.0 Invocations


You knew the following spells:

 Your Spells              Type           Power      Damage    Failure   Level
a - Foxfire               Conj/Fire      0%         2x1d4     47%         1
b - Mercury Vapours       Alch/Air       0%         N/A       63%         2
c - Searing Ray           Conj           0%         2d4       63%         2
d - Frozen Ramparts       Ice            0%         1d1       85%         3
e - Ignite Poison         Fire/Alch      0%         N/A       99%         4
f - Irradiate             Conj/Alch      0%         3d11      100%        5
g - Dispersal             Tloc           0%         N/A       100%        6
h - Malign Gateway        Summ/Tloc      0%         N/A       100%        7
i - Orb of Destruction    Conj           0%         9d5       100%        7
Your spell library was empty.

Inventory:

Hand Weapons
 n - the +7 hand cannon "Mule" (weapon) {flame, backblast, rF+}
   (Okawaru gifted it to you on level 14 of the Dungeon)

   rF+:       It protects you from fire.
Armour
 a - a +1 troll leather armour
 d - a +1 cloak (worn)
 i - the +2 pair of gloves of Lust (worn) {rElec rPois Int-2 Stlth+}
   (Okawaru gifted it to you on level 14 of the Dungeon)

   Int-2:     It affects your intelligence (-2).
   rElec:     It insulates you from electricity.
   rPois:     It protects you from poison Stlth+: It makes you more stealthy.
 j - the +1 robe of Grot (worn) {rN+ Regen+ rCorr Int-5}
   (You found it on level 2 of the Swamp)

   Int-5:     It affects your intelligence (-5).
   rN+:       It protects you from negative energy.
   Regen+:    It increases your rate of health regeneration.
   rCorr:     It protects you from acid and corrosion.
 u - +0 swamp dragon scales
 v - a +2 pair of gloves of strength
Jewellery
 b - an amulet of regeneration
 e - a +4 ring of protection (right hand)
 p - a ring of protection from fire
 s - the ring "Ynemalat" {rF+ Dex+3}
   (You found it on level 3 of the Spider Nest)

   [ring of protection from fire]

   Dex+3:     It affects your dexterity (+3).
   rF+:       It protects you from fire.
 w - an amulet of faith (around neck)
 y - a +5 ring of evasion (left hand)
Wands
 g - a wand of iceblast (61)
 m - a wand of paralysis (26)
 o - a wand of polymorph (18)
Scrolls
 f - a scroll of enchant weapon
 q - 14 scrolls of identify
Potions
 c - 2 potions of cancellation
 h - 5 potions of curing
 l - 5 potions of enlightenment
 r - a potion of resistance

Dungeon Overview and Level Annotations

Branches:
Dungeon (15/15)            Temple (1/1) D:5            Lair (5/5) D:10
  Swamp (3/4) Lair:2       Spider (4/4) Lair:3        Slime (0/5) Lair:5
    Orc (2/2) D:9             Elf (0/3) Orc:2        Vaults (0/5) D:14
 Depths (0/4) D:15

Altars:
Ashenzari
Cheibriados
Dithmenos
Elyvilon
Fedhas
Gozag
Hepliaklqana
Makhleb
Nemelex Xobeh
Okawaru
Qazlal
Ru
Trog
Uskayaw
Wu Jian
Xom
Yredelemnul
Zin
The Shining One
Jiyva

Shops:
D:1 *   D:4 !==?*   D:8 ?   Orc:2 :=*?(

Annotations:
D:6 4 runed translucent doors, Crazy Yiuf; qw's ghost, novice DjHu
Lair:3 exclusion: orb spider
Swamp:3 1 runed translucent door
Orc:2 3 runed translucent doors, qw's ghost, adept GrHu


Message History

You shoot a bolt. The bolt hits the wolf spider.
The bolt burns the wolf spider.
The wolf spider is moderately wounded.
The wolf spider hits you but does no damage.
The wolf spider completely misses you. x3
You shoot a bolt. The bolt hits the wolf spider!
The bolt burns the wolf spider.
The wolf spider is heavily wounded.
The wolf spider closely misses you. The wolf spider completely misses you.
The steelbarb worm barely misses you.
You shoot a bolt. The bolt hits the wolf spider!
The bolt burns the wolf spider.
The wolf spider is severely wounded.
The wolf spider completely misses you. The wolf spider bites you.
The wolf spider misses you. The wolf spider bites you.
The steelbarb worm barely misses you.
You shoot a bolt. The bolt hits the wolf spider!
The bolt burns the wolf spider.
The wolf spider is almost dead.
The meliai calls down the wrath of its god upon you.
Something smites you! The wolf spider completely misses you.
The wolf spider bites you.
The wolf spider hits you but does no damage.
The wolf spider completely misses you.
24308 ||| READING scroll of teleportation.
As you read the scroll of teleportation, it crumbles to dust.
You feel strangely unstable.
The jumping spider leaps!
The steelbarb worm hits you but does no damage.
The broodmother summons spiders!
The wolf spider misses you. The wolf spider completely misses you.
The meliai calls down the wrath of its god upon you.
Something smites you!
You shoot a bolt. The bolt hits the broodmother!
The bolt burns the broodmother.
The broodmother is lightly wounded.
The broodmother completely misses you. The wolf spider completely misses you.
The wolf spider misses you.
The steelbarb worm completely misses you.
The jumping spider leaps!
You shoot a bolt. The bolt hits the broodmother!
The bolt burns the broodmother.
The broodmother is moderately wounded.
The wolf spider hits you! The wolf spider misses you.
The broodmother barely misses you. The steelbarb worm hits you!!
You die...

#~..###ss.###... #~............
#^...^##'##^..~# . #~......~#.#
~.....^.ยค......# .. #^.....###.#
.....s.s......## ..##.....##...
#.....s.....ss.. ..........##....
....^^#.#.~sss## ....##..........
...~###.###ssss# ... #.....##..).
^.%.##.ys##ZsBw###%###^.....##.^%
...##.....##sssw@#.#.^.....^###.#
^............sssssy.0........~#.#
#.^##.....##.sysss...^#.#~...)...
#^^.##...##~.ss.%..^###.###^.....
##^.###.###....s....##...##^^....
##^~^#.#^..^..~...##.....##.....
##~........^~~~..%......^......
##........~~~~..##....^##.....
###........~^..^##...##......


You could see 4 broodmothers, 2 steelbarb worms, 7 wolf spiders, 2 orb spiders,
a culicivora (summoned), a pharaoh ant, 2 jumping spiders, 3 tarantellas, 2
redbacks, 2 meliai and a tarantella simulacrum.

Vanquished Creatures
  Bai Suzhen (Swamp:3)
  Arachne (Spider:3)
  Rupert (Lair:3)
  Mlioglotl (Swamp:1)
  A storm dragon (D:14)
  A fenstrider witch (Swamp:1)
  5 emperor scorpions
  Louise (Swamp:2)
  3 ghost moths
  5 broodmothers
  An eleionoma (Swamp:1)
  Nessos (D:12)
  2 bunyips
  An ettin (D:14)
  2 entropy weavers (Spider:4)
  3 vault guards (D:14)
  A rakshasa (D:15)
  2 ghost crabs (Swamp:2)
  A catoblepas (Lair:3)
  2 centaur warriors (D:14)
  9 hydras
  A jorogumo (Spider:4)
  4 ogre magi (Orc:2)
  9 alligators
  A merfolk avatar (Lair:5)
  6 boulder beetles
  A death yak (Lair:5)
  19 two-headed ogres
  15 demonic crawlers
  2 occultists (D:15)
  Nergalle (Lair:2)
  A deep elf knight (D:14)
  4 skeletal warriors (D:11)
  2 skysharks (Lair:5)
  A sea snake (Lair:5)
  2 goliath frogs (Swamp:2)
  3 swamp dragons
  3 spriggan druids (Swamp:3)
  A deep troll (D:14)
  2 pharaoh ants
  11 orb spiders
  A phantasmal warrior (D:14)
  4 arcanists
  2 bog bodies
  7 steelbarb worms
  2 deep elf zephyrmancers (D:15)
  2 necromancers
  2 harpies (Lair:5)
  2 orc knights (Orc:2)
  A deep elf pyromancer (D:11)
  5 manticores
  An orc sorcerer (Orc:2)
  17 ugly things
  A wolf spider zombie (D:15)
  4 cyclopes
  13 wolf spiders
  3 moths of wrath
  A will-o-the-wisp (Swamp:3)
  18 meliai
  3 black mambas
  A kobold blastminer (Orc:1)
  A meliai (shapeshifter) (D:15)
  11 elephants
  14 cane toads
  A gargoyle (D:14)
  12 torpor snails
  Jeremiah (D:6)
  2 efreet (D:14)
  2 rime drakes
  2 freezing wraiths (D:14)
  A yaktaur (shapeshifter) (D:14)
  A kobold demonologist (D:14)
  9 komodo dragons
  A queen bee (shapeshifter) (D:14)
  3 trolls
  2 polar bears (Lair:5)
  2 bloated husks
  8 hornets
  29 tarantellas
  A wind drake (Lair:5)
  A harpy skeleton (D:15)
  8 tyrant leeches
  A snapping turtle (Lair:5)
  11 blink frogs
  8 slime creatures
  19 jumping spiders
  12 culicivoras
  7 wyverns
  4 shadows
  9 spriggans
  18 humans (D:14)
  41 yaks
  7 basilisks
  A wraith (D:9)
  A hog (shapeshifter) (D:14)
  2 steam dragons
  4 wargs (Orc:2)
  36 redbacks
  17 vampire mosquitoes
  Edmund (D:6)
  2 acid dragons
  9 swamp worms
  11 water moccasins
  A sky beast (shapeshifter) (D:14)
  3 black bears
  14 orc warriors
  25 ogres
  4 laughing skulls
  3 phantoms
  9 wolves
  7 centaurs
  5 kobold brigands
  10 bullfrogs
  A gnoll sergeant (D:7)
  4 scorpions
  6 wights
  3 killer bees (D:8)
  A vampire bat (D:5)
  3 howler monkeys
  A bombardier beetle (D:4)
  4 crimson imps (D:10)
  A jelly (D:5)
  A gnoll bouda (D:8)
  A hound (D:7)
  10 orc priests
  A sleepcap (D:6)
  6 iguanas
  Natasha (twice) (D:3)
  2 boggart zombies (D:15)
  18 orc wizards
  5 gnolls (D:7)
  5 adders
  8 white imps
  A ribbon worm (D:2)
  A dart slug (D:2)
  6 fire bats
  47 orcs
  2 spectral bats (D:5)
  2 ball pythons
  3 bat skeletons (D:5)
  A bat zombie (D:5)
  2 endoplasms (D:3)
  3 giant cockroaches
  6 goblins
  6 hobgoblins
  A quokka (D:1)
  14 bats
  A bat simulacrum (D:5)
  12 frilled lizards
  26 kobolds
  3 rats
858 creatures vanquished.

Vanquished Creatures (others)
  A bloated husk (Swamp:3)
  A redback (Spider:1)
  A swamp worm (Swamp:1)
  2 foxfires (Swamp:3)
5 creatures vanquished.

Grand Total: 863 creatures vanquished

Notes
Turn   | Place    | Note
-------+----------+-------------------------------------------
     0 | D:1      | qw the Djinni Hunter began the quest for the Orb.
     0 | D:1      | Reached XP level 1. HP: 18/18 MP: 0/0
     0 | D:1      | 0 ||| qw: Version: 0.3-a-136-gdd3b4e8
     0 | D:1      | 0 ||| qw: Game counter: 1052
     0 | D:1      | 0 ||| qw: Melee chars always use a shield: true
     0 | D:1      | 0 ||| qw: God list: Okawaru
     0 | D:1      | 0 ||| qw: Allow faded altars: false
     0 | D:1      | 0 ||| qw: Do Orc after clearing Dungeon:15 true
     0 | D:1      | 0 ||| qw: Do second Lair branch before Depths: true
     0 | D:1      | 0 ||| qw: Lair rune preference: random
     0 | D:1      | 0 ||| qw: Goals: Normal
     0 | D:1      | 0 ||| PLANNING D:1-11
   100 | D:1      | Found Moamp's Assorted Antiques.
   104 | D:1      | Reached XP level 2. HP: 23/23 MP: 0/0
   109 | D:1      | 109 ||| SHOPLISTING 2 grey potions (39 gold, have 5).
   109 | D:1      | 109 ||| SHOPLISTING emerald potion (19 gold, have 5).
   109 | D:1      | 109 ||| SHOPLISTING fuming purple potion (19 gold, have 5).
   109 | D:1      | 109 ||| SHOPLISTING ichor-stained ring mail (198 gold, have
                  | 5).
   109 | D:1      | 109 ||| SHOPLISTING metallic cyan potion (19 gold, have 5).
   109 | D:1      | 109 ||| SHOPLISTING scroll labelled ASIODEUXZU (22 gold,
                  | have 5).
   109 | D:1      | 109 ||| SHOPLISTING scroll labelled QUSKEO VIRENIJ (22
                  | gold, have 5).
   633 | D:1      | 633 ||| UPGRADING to +0 ring mail.
   643 | D:1      | 643 ||| DROPPING +0 leather armour.
   644 | D:1      | 644 ||| UPGRADING to +4 ring of protection.
   645 | D:1      | 645 ||| UPGRADING to ring of protection from cold.
   646 | D:1      | 646 ||| READING scroll labelled ILICZU WOCLOF.
   647 | D:1      | 647 ||| READING scroll labelled JON PYIZXUACS.
   647 | D:1      | 647 ||| ENCHANTING +0 shortbow.
   648 | D:1      | 648 ||| DRINKING 2 yellow potions.
   649 | D:1      | 649 ||| DROPPING scroll of butterflies.
   650 | D:1      | 650 ||| DROPPING potion of brilliance.
   805 | D:2      | Reached XP level 3. HP: 28/28 MP: 0/0
   805 | D:2      | Learned a level 1 spell: Foxfire
   817 | D:2      | Reached skill level 4 in Ranged Weapons
   889 | D:2      | Reached skill level 1 in Armour
  1303 | D:2      | 1303 ||| UPGRADING to amulet of regeneration.
  1308 | D:2      | 1308 ||| READING scroll labelled ASIODEUXZU.
  1308 | D:2      | 1308 ||| IDENTIFYING viscous purple potion
  1309 | D:2      | 1309 ||| READING scroll labelled RINUSTRABLE.
  1310 | D:2      | 1310 ||| READING 3 scrolls labelled QUSKEO VIRENIJ.
  1311 | D:2      | 1311 ||| DRINKING 2 sapphire potions.
  1312 | D:2      | 1312 ||| DROPPING 2 scrolls of fog.
  1507 | D:3      | Noticed Natasha
  1509 | D:3      | 1509 ||| FLEEEEING.
  1510 | D:3      | 1510 ||| FLEEEEING.
  1511 | D:3      | 1511 ||| RETREEEEATING.
  1514 | D:3      | 1514 ||| RETREEEEATING.
  1520 | D:3      | Killed Natasha
  1521 | D:3      | Reached skill level 3 in Fighting
  1521 | D:3      | Reached XP level 4. HP: 32/35 MP: 0/0
  1542 | D:3      | You are sucked into a shaft and drop 3 floors!
  1546 | D:5      | Entered Level 5 of the Dungeon
  1562 | D:5      | Reached XP level 5. HP: 40/40 MP: 0/0
  1562 | D:5      | Learned a level 2 spell: Mercury Vapours
  1575 | D:4      | Found a basalt altar of Yredelemnul.
  1654 | D:5      | Noticed a water moccasin
  1663 | D:5      | Killed a water moccasin
  1664 | D:5      | Reached skill level 5 in Ranged Weapons
  1664 | D:5      | Reached XP level 6. HP: 42/46 MP: 0/0
  1716 | D:5      | Reached skill level 3 in Dodging
  1724 | D:5      | HP: 7/46 [centaur/arrow (16)]
  1728 | D:5      | Reached XP level 7. HP: 13/51 MP: 0/0
  1728 | D:5      | Learned a level 2 spell: Searing Ray
  1791 | D:5      | 1791 ||| SWAPPING to +0 orcbow.
  1792 | D:5      | 1792 ||| DROPPING +1 shortbow.
  1810 | D:5      | Noticed a water moccasin
  1817 | D:5      | Killed a water moccasin
  2030 | D:5      | 2030 ||| READING scroll labelled XUTAUS FYCSOT.
  2039 | D:4      | Found Olozu's Jewellery Shop.
  2044 | D:4      | 2044 ||| SHOPLISTING +5 ring of evasion (432 gold, have
                  | 149).
  2044 | D:4      | 2044 ||| SHOPLISTING amulet of faith (480 gold, have 149).
  2044 | D:4      | 2044 ||| SHOPLISTING amulet of reflection (360 gold, have
                  | 149).
  2044 | D:4      | 2044 ||| SHOPLISTING ring of positive energy (240 gold,
                  | have 149).
  2044 | D:4      | 2044 ||| SHOPLISTING ring of protection from fire (300
                  | gold, have 149).
  2119 | D:4      | Found Pukul's Distillery.
  2128 | D:4      | 2128 ||| BUYING potion of curing (42 gold).
  2128 | D:4      | Bought a potion of curing for 42 gold pieces
  2128 | D:4      | 2128 ||| SHOPLISTING potion of haste (140 gold, have 107).
  2128 | D:4      | 2128 ||| BUYING potion of heal wounds (70 gold).
  2128 | D:4      | Bought a potion of heal wounds for 70 gold pieces
  2128 | D:4      | 2128 ||| SHOPLISTING potion of heal wounds (70 gold, have
                  | 37).
  2468 | D:3      | Noticed Natasha
  2472 | D:3      | Killed Natasha
  2579 | D:3      | 2579 ||| READING scroll of identify.
  2579 | D:3      | 2579 ||| IDENTIFYING dark potion
  2580 | D:3      | 2580 ||| DRINKING 2 fuming blue potions.
  2581 | D:3      | 2581 ||| DROPPING potion of degeneration.
  2685 | D:4      | Reached skill level 6 in Ranged Weapons
  2689 | D:4      | 2689 ||| READING scroll of identify.
  2689 | D:4      | 2689 ||| IDENTIFYING fizzy purple potion
  2749 | D:4      | Found Fuecwaj's Magic Scroll Shop.
  2758 | D:4      | 2758 ||| SHOPLISTING scroll of brand weapon (133 gold, have
                  | 66).
  2758 | D:4      | 2758 ||| SHOPLISTING scroll of enchant armour (105 gold,
                  | have 66).
  2758 | D:4      | 2758 ||| BUYING scroll of identify (28 gold).
  2758 | D:4      | Bought a scroll of identify for 28 gold pieces
  2758 | D:4      | 2758 ||| BUYING scroll of identify (28 gold).
  2758 | D:4      | Bought a scroll of identify for 28 gold pieces
  2758 | D:4      | 2758 ||| SHOPLISTING scroll of identify (28 gold, have 10).
  2758 | D:4      | 2758 ||| SHOPLISTING scroll of teleportation (42 gold, have
                  | 10).
  3091 | D:4      | Identified the +1 robe of Leaves {Str+4 Int+3}
  3099 | D:4      | Found Kour's Jewellery Shoppe.
  3107 | D:4      | Found Lisk's Assorted Antiques.
  3108 | D:4      | 3108 ||| SHOPLISTING +4 ring of protection (360 gold, have
                  | 19).
  3108 | D:4      | 3108 ||| SHOPLISTING +6 ring of strength (360 gold, have
                  | 19).
  3108 | D:4      | 3108 ||| SHOPLISTING amulet of reflection (300 gold, have
                  | 19).
  3108 | D:4      | 3108 ||| SHOPLISTING ring of positive energy (200 gold,
                  | have 19).
  3108 | D:4      | 3108 ||| SHOPLISTING ring of willpower (250 gold, have 19).
  3115 | D:4      | 3115 ||| SHOPLISTING brass wand (92 gold, have 19).
  3115 | D:4      | 3115 ||| SHOPLISTING fizzy silvery potion (20 gold, have
                  | 19).
  3115 | D:4      | 3115 ||| SHOPLISTING glowing leather armour (115 gold, have
                  | 19).
  3115 | D:4      | 3115 ||| SHOPLISTING scroll labelled AWAADU MITOA (23 gold,
                  | have 19).
  3115 | D:4      | 3115 ||| SHOPLISTING scroll of identify (46 gold, have 19).
  3308 | D:4      | 3308 ||| UPGRADING to +1 robe of Leaves {Str+4 Int+3}.
  3318 | D:4      | 3318 ||| DROPPING +0 ring mail.
  3319 | D:4      | 3319 ||| READING 5 scrolls of identify.
  3319 | D:4      | 3319 ||| IDENTIFYING fizzy silvery potion
  3320 | D:4      | 3320 ||| READING 4 scrolls of identify.
  3320 | D:4      | 3320 ||| IDENTIFYING metallic cyan potion
  3321 | D:4      | 3321 ||| DROPPING potion of lignification.
  3513 | D:5      | Reached XP level 8. HP: 58/58 MP: 0/0
  3642 | D:5      | Found a staircase to the Ecumenical Temple.
  3643 | D:5      | 3643 ||| PLANNING TEMPLE
  3648 | Temple   | Entered the Ecumenical Temple
  3649 | Temple   | 3649 ||| PLANNING OKAWARU WORSHIP
  3658 | Temple   | Became a worshipper of Warmaster Okawaru
  3659 | Temple   | 3659 ||| PLANNING D:1-11
  4017 | D:5      | 4017 ||| READING 3 scrolls of identify.
  4017 | D:5      | 4017 ||| IDENTIFYING scroll labelled AWAADU MITOA
  4039 | D:6      | Noticed Jeremiah
  4043 | D:6      | 4043 ||| DRINKING potion of haste.
  4141 | D:6      | 4141 ||| FLEEEEING.
  4170 | D:6      | Killed Jeremiah
  4171 | D:6      | Reached skill level 7 in Ranged Weapons
  4230 | D:6      | Reached * piety under Okawaru
  4243 | D:6      | Noticed Edmund
  4259 | D:6      | Killed Edmund
  4260 | D:6      | Reached skill level 1 in Invocations
  4260 | D:6      | Reached XP level 9. HP: 53/65 MP: 0/0
  4260 | D:6      | Learned a level 3 spell: Frozen Ramparts
  4468 | D:6      | Found a runed translucent gate.
  4468 | D:6      | Found a runed translucent gate.
  4468 | D:6      | Found a runed translucent gate.
  4469 | D:6      | Noticed qw's ghost (novice DjHu)
  4498 | D:6      | Found a runed translucent door.
  4499 | D:6      | Noticed Crazy Yiuf
  4632 | D:6      | Found a snail-covered altar of Cheibriados.
  4644 | D:6      | Found a sacrificial altar of Ru.
  4738 | D:6      | 4738 ||| READING 2 scrolls of identify.
  4738 | D:6      | 4738 ||| IDENTIFYING scroll labelled PYUCHEST IRILI
  4739 | D:6      | 4739 ||| READING scroll of brand weapon.
  4739 | D:6      | 4739 ||| BRANDING +0 orcbow.
  4740 | D:6      | 4740 ||| READING scroll of identify.
  4740 | D:6      | 4740 ||| IDENTIFYING scroll labelled ESUENU DIOGGE
  4872 | D:7      | Found a shadowy altar of Dithmenos.
  5000 | D:7      | Reached skill level 3 in Invocations
  5530 | D:7      | Found a shimmering altar of Xom.
  5531 | D:7      | 5531 ||| READING scroll labelled VANARE WEG XIZ.
  5684 | D:8      | Found an opulent altar of Gozag.
  5694 | D:8      | Reached skill level 6 in Dodging
  5707 | D:8      | Found Maiblebb's Magic Scroll Shoppe.
  5716 | D:8      | 5716 ||| BUYING 3 scrolls of identify (78 gold).
  5716 | D:8      | Bought 3 scrolls of identify for 78 gold pieces
  5716 | D:8      | 5716 ||| BUYING scroll of enchant armour (97 gold).
  5716 | D:8      | Bought a scroll of enchant armour for 97 gold pieces
  5716 | D:8      | 5716 ||| BUYING scroll of identify (26 gold).
  5716 | D:8      | Bought a scroll of identify for 26 gold pieces
  5716 | D:8      | 5716 ||| BUYING scroll of identify (26 gold).
  5716 | D:8      | Bought a scroll of identify for 26 gold pieces
  5716 | D:8      | 5716 ||| BUYING scroll of teleportation (39 gold).
  5716 | D:8      | Bought a scroll of teleportation for 39 gold pieces
  5723 | D:8      | 5723 ||| RETREEEEATING.
  5724 | D:8      | 5724 ||| RETREEEEATING.
  5725 | D:8      | 5725 ||| RETREEEEATING.
  5726 | D:8      | 5726 ||| RETREEEEATING.
  5727 | D:8      | 5727 ||| RETREEEEATING.
  5728 | D:8      | 5728 ||| RETREEEEATING.
  5729 | D:8      | 5729 ||| RETREEEEATING.
  5730 | D:8      | 5730 ||| RETREEEEATING.
  5731 | D:8      | 5731 ||| RETREEEEATING.
  5732 | D:8      | 5732 ||| RETREEEEATING.
  5734 | D:8      | 5734 ||| RETREEEEATING.
  5769 | D:8      | Identified the +6 quarterstaff of Pizaq {drain, Str+4 Int+6
                  | Dex-5}
  5915 | D:8      | Reached ** piety under Okawaru
  5925 | D:8      | Reached skill level 8 in Ranged Weapons
  5987 | D:8      | Reached skill level 6 in Fighting
  6221 | D:8      | 6221 ||| UPGRADING to +0 pair of gloves.
  6226 | D:8      | 6226 ||| READING 2 scrolls of enchant armour.
  6226 | D:8      | 6226 ||| ENCHANTING +0 pair of gloves.
  6227 | D:8      | 6227 ||| READING scroll of enchant armour.
  6227 | D:8      | 6227 ||| ENCHANTING +1 pair of gloves.
  6228 | D:8      | 6228 ||| READING 5 scrolls of identify.
  6228 | D:8      | 6228 ||| IDENTIFYING grey potion
  6229 | D:8      | 6229 ||| READING 4 scrolls of identify.
  6229 | D:8      | 6229 ||| IDENTIFYING amethyst potion
  6230 | D:8      | 6230 ||| READING 3 scrolls of identify.
  6230 | D:8      | 6230 ||| IDENTIFYING fizzy dark potion
  6231 | D:8      | 6231 ||| DROPPING potion of invisibility.
  6232 | D:8      | 6232 ||| DROPPING potion of ambrosia.
  6233 | D:8      | 6233 ||| DROPPING potion of magic.
  6345 | D:9      | Reached XP level 10. HP: 72/72 MP: 0/0
  6362 | D:9      | 6362 ||| RETREEEEATING.
  6363 | D:9      | 6363 ||| RETREEEEATING.
  6364 | D:9      | 6364 ||| RETREEEEATING.
  6372 | D:9      | Reached skill level 9 in Ranged Weapons
  6572 | D:9      | Found a hide-covered altar of Uskayaw.
  6590 | D:9      | Found a staircase to the Orcish Mines.
  6858 | D:9      | 6858 ||| UPGRADING to +0 robe of willpower.
  6868 | D:9      | 6868 ||| UPGRADING to +0 helmet.
  6878 | D:10     | Entered Level 10 of the Dungeon
  6890 | D:10     | Noticed a komodo dragon
  6896 | D:10     | Reached *** piety under Okawaru
  6897 | D:10     | 6897 ||| INVOKING Heroism.
  6899 | D:10     | Killed a komodo dragon
  6904 | D:10     | 6904 ||| FLEEEEING.
  7058 | D:10     | 7058 ||| FLEEEEING.
  7059 | D:10     | 7059 ||| FLEEEEING.
  7251 | D:10     | 7251 ||| READING scroll of enchant armour.
  7251 | D:10     | 7251 ||| ENCHANTING +0 helmet.
  7254 | D:10     | Noticed a komodo dragon
  7255 | D:10     | 7255 ||| INVOKING Heroism.
  7261 | D:10     | Killed a komodo dragon
  7262 | D:10     | Reached skill level 10 in Ranged Weapons
  7444 | D:10     | 7444 ||| READING scroll of enchant armour.
  7444 | D:10     | 7444 ||| ENCHANTING +1 helmet.
  7573 | D:10     | Found a staircase to the Lair.
  8093 | D:10     | 8093 ||| PLANNING LAIR
  8120 | Lair:1   | Entered Level 1 of the Lair of Beasts
  8120 | Lair:1   | Noticed an elephant
  8121 | Lair:1   | 8121 ||| STAIRDANCE
  8129 | Lair:1   | 8129 ||| INVOKING Heroism.
  8130 | Lair:1   | Noticed an elephant
  8134 | Lair:1   | Noticed an elephant
  8135 | Lair:1   | Killed an elephant
  8135 | Lair:1   | Reached **** piety under Okawaru
  8136 | Lair:1   | Reached XP level 11. HP: 65/79 MP: 0/0
  8136 | Lair:1   | Learned a level 4 spell: Ignite Poison
  8140 | Lair:1   | Killed an elephant
  8149 | Lair:1   | Killed an elephant
  8152 | Lair:1   | HP: 19/81 [wolf (7)]
  8153 | Lair:1   | 8153 ||| READING 3 scrolls of teleportation.
  8154 | Lair:1   | 8154 ||| DRINKING 5 potions of heal wounds.
  8205 | Lair:1   | 8205 ||| RETREEEEATING.
  8206 | Lair:1   | 8206 ||| RETREEEEATING.
  8207 | Lair:1   | 8207 ||| RETREEEEATING.
  8208 | Lair:1   | 8208 ||| RETREEEEATING.
  8209 | Lair:1   | 8209 ||| RETREEEEATING.
  8210 | Lair:1   | 8210 ||| RETREEEEATING.
  8321 | Lair:1   | 8321 ||| INVOKING Finesse.
  8322 | Lair:1   | 8322 ||| INVOKING Finesse.
  8323 | Lair:1   | 8323 ||| INVOKING Heroism.
  8401 | Lair:1   | Reached skill level 6 in Invocations
  8417 | Lair:1   | 8417 ||| RETREEEEATING.
  8421 | Lair:1   | 8421 ||| RETREEEEATING.
  8425 | Lair:1   | 8425 ||| RETREEEEATING.
  8427 | Lair:1   | 8427 ||| RETREEEEATING.
  8429 | Lair:1   | 8429 ||| RETREEEEATING.
  8430 | Lair:1   | 8430 ||| RETREEEEATING.
  8431 | Lair:1   | 8431 ||| RETREEEEATING.
  8432 | Lair:1   | 8432 ||| RETREEEEATING.
  8433 | Lair:1   | 8433 ||| RETREEEEATING.
  8434 | Lair:1   | 8434 ||| RETREEEEATING.
  8435 | Lair:1   | 8435 ||| RETREEEEATING.
  8436 | Lair:1   | 8436 ||| RETREEEEATING.
  8437 | Lair:1   | 8437 ||| RETREEEEATING.
  8438 | Lair:1   | 8438 ||| RETREEEEATING.
  8439 | Lair:1   | 8439 ||| RETREEEEATING.
  8440 | Lair:1   | 8440 ||| RETREEEEATING.
  8441 | Lair:1   | 8441 ||| RETREEEEATING.
  8442 | Lair:1   | 8442 ||| RETREEEEATING.
  8443 | Lair:1   | 8443 ||| RETREEEEATING.
  8444 | Lair:1   | 8444 ||| RETREEEEATING.
  8648 | Lair:1   | HP: 20/81 [black mamba (10)]
  8649 | Lair:1   | 8649 ||| READING 2 scrolls of teleportation.
  8650 | Lair:1   | 8650 ||| DRINKING 4 potions of heal wounds.
  8694 | Lair:1   | Reached skill level 9 in Dodging
  8714 | Lair:1   | 8714 ||| RETREEEEATING.
  8716 | Lair:1   | Reached ***** piety under Okawaru
  8760 | Lair:1   | 8760 ||| RETREEEEATING.
  8766 | Lair:1   | 8766 ||| RETREEEEATING.
  8767 | Lair:1   | 8767 ||| RETREEEEATING.
  8768 | Lair:1   | 8768 ||| RETREEEEATING.
  8769 | Lair:1   | 8769 ||| RETREEEEATING.
  8770 | Lair:1   | 8770 ||| RETREEEEATING.
  8771 | Lair:1   | 8771 ||| RETREEEEATING.
  8773 | Lair:1   | 8773 ||| RETREEEEATING.
  8774 | Lair:1   | 8774 ||| RETREEEEATING.
  8775 | Lair:1   | 8775 ||| RETREEEEATING.
  8777 | Lair:1   | 8777 ||| RETREEEEATING.
  8988 | Lair:1   | 8988 ||| READING 5 scrolls of identify.
  8988 | Lair:1   | 8988 ||| IDENTIFYING emerald potion
  8989 | Lair:1   | 8989 ||| READING 4 scrolls of identify.
  8989 | Lair:1   | 8989 ||| IDENTIFYING scroll labelled PUOGRA IFIMYE
  8990 | Lair:1   | 8990 ||| DROPPING scroll of immolation.
  9054 | Lair:2   | You are sucked into a shaft and drop 1 floor!
  9068 | Lair:3   | Received a gift from Okawaru
  9188 | Lair:2   | 9188 ||| RETREEEEATING.
  9209 | Lair:2   | Reached XP level 12. HP: 62/86 MP: 0/0
  9221 | Lair:2   | 9221 ||| DRINKING 2 potions of cancellation.
  9363 | Lair:2   | Reached skill level 11 in Ranged Weapons
  9472 | Lair:2   | Noticed Nergalle
  9473 | Lair:2   | 9473 ||| INVOKING Finesse.
  9489 | Lair:2   | Killed Nergalle
  9509 | Lair:2   | 9509 ||| RETREEEEATING.
  9512 | Lair:2   | Reached skill level 9 in Invocations
  9513 | Lair:2   | 9513 ||| RETREEEEATING.
  9516 | Lair:2   | 9516 ||| RETREEEEATING.
  9517 | Lair:2   | 9517 ||| RETREEEEATING.
  9518 | Lair:2   | 9518 ||| RETREEEEATING.
  9519 | Lair:2   | 9519 ||| RETREEEEATING.
  9553 | Lair:2   | 9553 ||| INVOKING Finesse.
 10017 | Lair:2   | Found a staircase to the Swamp.
 10017 | Lair:2   | Noticed an alligator
 10018 | Lair:2   | 10018 ||| RETREEEEATING.
 10019 | Lair:2   | 10019 ||| READING 3 scrolls of identify.
 10019 | Lair:2   | 10019 ||| IDENTIFYING scroll labelled MYIMMU VIZULEWY
 10020 | Lair:2   | 10020 ||| DROPPING scroll of vulnerability.
 10106 | Lair:3   | Noticed a catoblepas
 10107 | Lair:3   | 10107 ||| INVOKING Finesse.
 10110 | Lair:3   | 10110 ||| Stepping ~*~*~tactically~*~*~ (cloud).
 10121 | Lair:3   | Reached skill level 9 in Fighting
 10138 | Lair:3   | 10138 ||| Stepping ~*~*~tactically~*~*~ (cloud).
 10139 | Lair:3   | Killed a catoblepas
 10229 | Lair:3   | 10229 ||| RETREEEEATING.
 10231 | Lair:3   | 10231 ||| RETREEEEATING.
 10334 | Lair:3   | Received a gift from Okawaru
 10337 | Lair:3   | Found a glowing golden altar of the Shining One.
 10403 | Lair:3   | Noticed a five-headed hydra
 10404 | Lair:3   | 10404 ||| INVOKING Finesse.
 10409 | Lair:3   | Killed a five-headed hydra
 10456 | Lair:3   | Noticed Rupert
 10476 | Lair:3   | Killed Rupert
 10477 | Lair:3   | Reached XP level 13. HP: 58/94 MP: 0/0
 10477 | Lair:3   | Learned a level 5 spell: Irradiate
 10816 | Lair:3   | Found a hole to the Spider Nest.
 10818 | Lair:3   | 10818 ||| READING 2 scrolls of identify.
 10818 | Lair:3   | 10818 ||| IDENTIFYING inky potion
 10819 | Lair:3   | 10819 ||| READING scroll of identify.
 10819 | Lair:3   | 10819 ||| IDENTIFYING scroll labelled ONIOBRYSKER
 10823 | Lair:3   | 10823 ||| READING scroll labelled RIMAZA XOIWICW.
 10865 | Lair:3   | 10865 ||| DROPPING scroll of revelation.
 10869 | Lair:3   | 10869 ||| DROPPING potion of berserk rage.
 11112 | Lair:4   | Reached skill level 12 in Ranged Weapons
 11139 | Lair:4   | Noticed a five-headed hydra
 11140 | Lair:4   | 11140 ||| INVOKING Finesse.
 11147 | Lair:4   | Killed a five-headed hydra
 11263 | Lair:4   | 11263 ||| RETREEEEATING.
 11264 | Lair:4   | 11264 ||| RETREEEEATING.
 11478 | Lair:4   | Received a gift from Okawaru
 12175 | Lair:5   | Entered Level 5 of the Lair of Beasts
 12210 | Lair:5   | 12210 ||| INVOKING Finesse.
 12261 | Lair:5   | 12261 ||| RETREEEEATING.
 12263 | Lair:5   | 12263 ||| RETREEEEATING.
 12264 | Lair:5   | 12264 ||| RETREEEEATING.
 12265 | Lair:5   | 12265 ||| RETREEEEATING.
 12274 | Lair:5   | 12274 ||| RETREEEEATING.
 12275 | Lair:5   | 12275 ||| RETREEEEATING.
 12276 | Lair:5   | 12276 ||| RETREEEEATING.
 12380 | Lair:5   | 12380 ||| RETREEEEATING.
 12382 | Lair:5   | 12382 ||| INVOKING Finesse.
 12388 | Lair:5   | Reached skill level 13 in Ranged Weapons
 12397 | Lair:5   | HP: 19/96 [elephant (10)]
 12398 | Lair:5   | 12398 ||| READING scroll of teleportation.
 12399 | Lair:5   | 12399 ||| DRINKING 3 potions of heal wounds.
 12400 | Lair:5   | 12400 ||| RETREEEEATING.
 12401 | Lair:5   | 12401 ||| DRINKING 2 potions of heal wounds.
 12720 | Lair:5   | Identified the +4 trident of the Sandy God {spect, Int+2}
 12727 | Lair:5   | Noticed a merfolk avatar
 12729 | Lair:5   | 12729 ||| INVOKING Finesse.
 12737 | Lair:5   | Killed a merfolk avatar
 12738 | Lair:5   | Reached XP level 14. HP: 95/103 MP: 0/0
 12740 | Lair:5   | Received a gift from Okawaru
 12771 | Lair:5   | 12771 ||| RETREEEEATING.
 12772 | Lair:5   | 12772 ||| RETREEEEATING.
 12773 | Lair:5   | 12773 ||| RETREEEEATING.
 12774 | Lair:5   | 12774 ||| RETREEEEATING.
 12775 | Lair:5   | 12775 ||| RETREEEEATING.
 12776 | Lair:5   | 12776 ||| RETREEEEATING.
 12800 | Lair:5   | Identified the +9 quarterstaff "Uxzireni" {freeze, rPois}
 12807 | Lair:5   | 12807 ||| RETREEEEATING.
 12808 | Lair:5   | 12808 ||| RETREEEEATING.
 12812 | Lair:5   | 12812 ||| RETREEEEATING.
 12813 | Lair:5   | 12813 ||| RETREEEEATING.
 12814 | Lair:5   | 12814 ||| RETREEEEATING.
 12817 | Lair:5   | 12817 ||| RETREEEEATING.
 12819 | Lair:5   | 12819 ||| RETREEEEATING.
 12820 | Lair:5   | 12820 ||| RETREEEEATING.
 12821 | Lair:5   | 12821 ||| RETREEEEATING.
 12822 | Lair:5   | 12822 ||| RETREEEEATING.
 12823 | Lair:5   | 12823 ||| RETREEEEATING.
 12824 | Lair:5   | 12824 ||| RETREEEEATING.
 12826 | Lair:5   | 12826 ||| RETREEEEATING.
 12829 | Lair:5   | 12829 ||| RETREEEEATING.
 12831 | Lair:5   | 12831 ||| RETREEEEATING.
 12899 | Lair:5   | 12899 ||| INVOKING Finesse.
 12906 | Lair:5   | Reached skill level 14 in Ranged Weapons
 12920 | Lair:5   | Identified the +3 scale mail of Imusau {Int+4 Dex+3}
 12922 | Lair:5   | Found a viscous altar of Jiyva.
 12923 | Lair:5   | Found a staircase to the Slime Pits.
 13222 | Lair:5   | 13222 ||| PLANNING D:1-11
 13222 | Lair:5   | 13222 ||| DROPPING ring of willpower.
 13223 | Lair:5   | 13223 ||| UPGRADING to +5 ring of evasion.
 13225 | Lair:5   | 13225 ||| UPGRADING to +4 ring of protection.
 13227 | Lair:5   | 13227 ||| DRINKING 6 potions of mutation.
 13227 | Lair:5   | Gained mutation: You occasionally shout uncontrollably at
                  | your foes. [potion of mutation]
 13227 | Lair:5   | Gained mutation: You have very sharp teeth. [potion of
                  | mutation]
 13228 | Lair:5   | 13228 ||| DRINKING 5 potions of mutation.
 13228 | Lair:5   | Lost mutation: You occasionally shout uncontrollably at
                  | your foes. [potion of mutation]
 13228 | Lair:5   | Lost mutation: You have very sharp teeth. [potion of
                  | mutation]
 13228 | Lair:5   | Gained mutation: You are clumsy. (Dex -2) [potion of
                  | mutation]
 13228 | Lair:5   | Gained mutation: Your mind is acute. (Int +4, Str/Dex -1)
                  | [potion of mutation]
 13228 | Lair:5   | Gained mutation: You are strong-willed. (Will+) [potion of
                  | mutation]
 13229 | Lair:5   | 13229 ||| DRINKING 4 potions of mutation.
 13229 | Lair:5   | Lost mutation: You are clumsy. (Dex -2) [potion of
                  | mutation]
 13229 | Lair:5   | Lost mutation: You are strong-willed. (Will+) [potion of
                  | mutation]
 13229 | Lair:5   | Gained mutation: Your spells are a little easier to cast,
                  | but a little less powerful. [potion of mutation]
 13229 | Lair:5   | Gained mutation: Your muscles are strong. (Str +4, Int/Dex
                  | -1) [potion of mutation]
 13230 | Lair:5   | 13230 ||| DRINKING 3 potions of mutation.
 13230 | Lair:5   | Lost mutation: Your mind is acute. (Int +4, Str/Dex -1)
                  | [potion of mutation]
 13230 | Lair:5   | Lost mutation: Your muscles are strong. (Str +4, Int/Dex
                  | -1) [potion of mutation]
 13230 | Lair:5   | Gained mutation: Your body sometimes deteriorates upon
                  | taking damage. [potion of mutation]
 13231 | Lair:5   | 13231 ||| DRINKING 2 potions of mutation.
 13231 | Lair:5   | Lost mutation: Your body sometimes deteriorates upon taking
                  | damage. [potion of mutation]
 13231 | Lair:5   | Lost mutation: Your spells are a little easier to cast, but
                  | a little less powerful. [potion of mutation]
 13231 | Lair:5   | Gained mutation: You have a pair of small antennae on your
                  | head. [potion of mutation]
 13231 | Lair:5   | Gained mutation: Your mind is acute. (Int +4, Str/Dex -1)
                  | [potion of mutation]
 13231 | Lair:5   | Lost mutation: You have a pair of small antennae on your
                  | head. [potion of mutation]
 13231 | Lair:5   | Gained mutation: Your mind is very acute. (Int +8, Str/Dex
                  | -2) [potion of mutation]
 13232 | Lair:5   | 13232 ||| DRINKING potion of mutation.
 13232 | Lair:5   | Lost mutation: Your mind is very acute. (Int +8, Str/Dex
                  | -2) [potion of mutation]
 13232 | Lair:5   | Lost mutation: Your mind is acute. (Int +4, Str/Dex -1)
                  | [potion of mutation]
 13232 | Lair:5   | Gained mutation: You occasionally lose the ability to read
                  | scrolls when taking damage. [potion of mutation]
 13233 | Lair:5   | 13233 ||| UPGRADING to +2 helmet.
 13238 | Lair:5   | 13238 ||| DROPPING ring of protection from cold.
 13375 | D:11     | 13375 ||| STAIRDANCE
 13401 | D:11     | 13401 ||| RETREEEEATING.
 13402 | D:11     | 13402 ||| RETREEEEATING.
 13415 | D:11     | HP: 25/103 [skeletal warrior/+0 scimitar (18)]
 13416 | D:11     | 13416 ||| DRINKING potion of heal wounds.
 13424 | D:11     | HP: 26/105 [skeletal warrior/+0 short sword (19)]
 13424 | D:11     | HP: 12/105 [skeletal warrior/+0 short sword (14)]
 13425 | D:11     | 13425 ||| READING scroll of teleportation.
 13449 | D:11     | Received a gift from Okawaru
 14045 | D:11     | Reached skill level 12 in Dodging
 14074 | D:11     | Found the +8 pair of quick blades "Gyre" and "Gimble"
                  | {protect}
 14170 | D:11     | Reached skill level 3 in Armour
 14345 | D:11     | 14345 ||| PLANNING D
 14345 | D:11     | 14345 ||| UPGRADING to +0 troll leather armour.
 14355 | D:11     | 14355 ||| DROPPING +0 robe of willpower.
 14356 | D:11     | 14356 ||| DROPPING +1 robe of Leaves {Str+4 Int+3}.
 14357 | D:11     | 14357 ||| READING scroll of enchant armour.
 14357 | D:11     | 14357 ||| ENCHANTING +0 troll leather armour.
 14427 | D:12     | 14427 ||| RETREEEEATING.
 14431 | D:12     | 14431 ||| RETREEEEATING.
 14507 | D:12     | Noticed Nessos
 14508 | D:12     | 14508 ||| INVOKING Finesse.
 14531 | D:12     | Killed Nessos
 14531 | D:12     | Received a gift from Okawaru
 14564 | D:12     | 14564 ||| SWAPPING to +2 longbow of flaming.
 14565 | D:12     | 14565 ||| DROPPING +0 heavy orcbow.
 14566 | D:12     | 14566 ||| READING 2 scrolls of brand weapon.
 14566 | D:12     | 14566 ||| BRANDING +2 longbow of flaming.
 14567 | D:12     | 14567 ||| READING scroll of brand weapon.
 14567 | D:12     | 14567 ||| BRANDING +2 longbow of freezing.
 14624 | D:12     | 14624 ||| FLEEEEING.
 14625 | D:12     | 14625 ||| FLEEEEING.
 14626 | D:12     | 14626 ||| FLEEEEING.
 14629 | D:12     | 14629 ||| FLEEEEING.
 14630 | D:12     | 14630 ||| FLEEEEING.
 14631 | D:12     | 14631 ||| FLEEEEING.
 14632 | D:12     | 14632 ||| STAIRDANCE
 14834 | D:12     | 14834 ||| FLEEEEING.
 14836 | D:12     | 14836 ||| FLEEEEING.
 14840 | D:12     | 14840 ||| FLEEEEING.
 14841 | D:12     | 14841 ||| RETREEEEATING.
 14844 | D:12     | 14844 ||| RETREEEEATING.
 14847 | D:12     | 14847 ||| RETREEEEATING.
 14848 | D:12     | 14848 ||| RETREEEEATING.
 14849 | D:12     | 14849 ||| RETREEEEATING.
 14850 | D:12     | 14850 ||| RETREEEEATING.
 14851 | D:12     | 14851 ||| RETREEEEATING.
 14855 | D:12     | 14855 ||| RETREEEEATING.
 14858 | D:12     | 14858 ||| RETREEEEATING.
 14859 | D:12     | 14859 ||| RETREEEEATING.
 15141 | D:13     | 15141 ||| DRINKING potion of mutation.
 15141 | D:13     | Lost mutation: You occasionally lose the ability to read
                  | scrolls when taking damage. [potion of mutation]
 15141 | D:13     | Gained mutation: You possess an exceptional clarity of
                  | mind. [potion of mutation]
 15150 | D:13     | 15150 ||| DRINKING potion of mutation.
 15150 | D:13     | Lost mutation: You possess an exceptional clarity of mind.
                  | [potion of mutation]
 15150 | D:13     | Gained mutation: Your health recovers twice as slowly from
                  | being drained. [potion of mutation]
 15150 | D:13     | Gained mutation: You possess an exceptional clarity of
                  | mind. [potion of mutation]
 15150 | D:13     | Gained mutation: You have a pair of small horns on your
                  | head. [potion of mutation]
 15237 | D:13     | Reached XP level 15. HP: 110/110 MP: 0/0
 15237 | D:13     | Learned a level 6 spell: Dispersal
 15381 | D:13     | Reached skill level 15 in Ranged Weapons
 15497 | D:13     | 15497 ||| DROPPING +2 helmet.
 15498 | D:13     | 15498 ||| READING 6 scrolls of identify.
 15498 | D:13     | 15498 ||| IDENTIFYING purple potion
 15499 | D:13     | 15499 ||| DROPPING potion of attraction.
 15542 | D:14     | Reached ****** piety under Okawaru
 15563 | D:14     | 15563 ||| INVOKING Receive Weapon.
 15563 | D:14     | 15563 ||| ACQUIRING +7 hand cannon "Mule" {flame,
                  | backblast, rF+}
 15563 | D:14     | Acquired the +7 hand cannon "Mule" {flame, backblast, rF+}
 15563 | D:14     | Received a gift from Okawaru
 15563 | D:14     | Found the +7 hand cannon "Mule" {flame, backblast, rF+}
 15564 | D:14     | 15564 ||| INVOKING Receive Armour.
 15564 | D:14     | 15564 ||| ACQUIRING +2 pair of gloves of Lust {rElec rPois
                  | Int-2 Stlth+}
 15564 | D:14     | Acquired the +2 pair of gloves of Lust {rElec rPois Int-2
                  | Stlth+}
 15564 | D:14     | Received a gift from Okawaru
 15566 | D:14     | 15566 ||| SWAPPING to +7 hand cannon "Mule" {flame,
                  | backblast, rF+}.
 15567 | D:14     | 15567 ||| DROPPING +2 longbow of flaming.
 15582 | D:14     | 15582 ||| RETREEEEATING.
 15583 | D:14     | 15583 ||| RETREEEEATING.
 15595 | D:14     | Received a gift from Okawaru
 15620 | D:14     | 15620 ||| RETREEEEATING.
 15621 | D:14     | 15621 ||| RETREEEEATING.
 15622 | D:14     | 15622 ||| RETREEEEATING.
 15623 | D:14     | 15623 ||| RETREEEEATING.
 15624 | D:14     | 15624 ||| RETREEEEATING.
 15663 | D:14     | 15663 ||| RETREEEEATING.
 15664 | D:14     | 15664 ||| RETREEEEATING.
 15665 | D:14     | 15665 ||| RETREEEEATING.
 15666 | D:14     | 15666 ||| RETREEEEATING.
 15667 | D:14     | 15667 ||| RETREEEEATING.
 15668 | D:14     | 15668 ||| RETREEEEATING.
 15669 | D:14     | 15669 ||| RETREEEEATING.
 15704 | D:14     | 15704 ||| DRINKING potion of mutation.
 15704 | D:14     | Lost mutation: Your health recovers twice as slowly from
                  | being drained. [potion of mutation]
 15704 | D:14     | Lost mutation: You have a pair of small horns on your head.
                  | [potion of mutation]
 15704 | D:14     | Lost mutation: You possess an exceptional clarity of mind.
                  | [potion of mutation]
 15704 | D:14     | Gained mutation: You do not regenerate when monsters are
                  | visible. [potion of mutation]
 15704 | D:14     | Gained mutation: You possess an exceptional clarity of
                  | mind. [potion of mutation]
 15704 | D:14     | Gained mutation: You are strong-willed. (Will+) [potion of
                  | mutation]
 15712 | D:14     | Found a gate to the Vaults.
 15713 | D:14     | 15713 ||| RETREEEEATING.
 15714 | D:14     | 15714 ||| RETREEEEATING.
 15715 | D:14     | 15715 ||| RETREEEEATING.
 15716 | D:14     | 15716 ||| RETREEEEATING.
 15717 | D:14     | 15717 ||| RETREEEEATING.
 15718 | D:14     | 15718 ||| RETREEEEATING.
 15719 | D:14     | 15719 ||| RETREEEEATING.
 15720 | D:14     | 15720 ||| RETREEEEATING.
 15721 | D:14     | 15721 ||| RETREEEEATING.
 15722 | D:14     | 15722 ||| RETREEEEATING.
 15723 | D:14     | 15723 ||| RETREEEEATING.
 15726 | D:14     | 15726 ||| RETREEEEATING.
 15727 | D:14     | 15727 ||| RETREEEEATING.
 15730 | D:14     | 15730 ||| RETREEEEATING.
 15731 | D:14     | 15731 ||| RETREEEEATING.
 15735 | D:14     | 15735 ||| RETREEEEATING.
 15736 | D:14     | 15736 ||| RETREEEEATING.
 15739 | D:14     | HP: 22/110 [vault guard/+0 glaive (10)]
 15740 | D:14     | 15740 ||| DRINKING potion of heal wounds.
 15744 | D:14     | 15744 ||| INVOKING Finesse.
 15744 | D:14     | HP: 4/111 [arcanist/bolt of cold (37)]
 15855 | D:14     | 15855 ||| FLEEEEING.
 15856 | D:14     | 15856 ||| FLEEEEING.
 15857 | D:14     | 15857 ||| FLEEEEING.
 15858 | D:14     | 15858 ||| FLEEEEING.
 15859 | D:14     | 15859 ||| FLEEEEING.
 15860 | D:14     | 15860 ||| STAIRDANCE
 15869 | D:13     | 15869 ||| UPGRADING to +2 pair of gloves of Lust {rElec
                  | rPois Int-2 Stlth+}.
 15879 | D:13     | 15879 ||| DROPPING +2 pair of gloves.
 15989 | D:14     | Received a gift from Okawaru
 16028 | D:14     | Reached skill level 12 in Fighting
 16320 | D:14     | 16320 ||| RETREEEEATING.
 16321 | D:14     | 16321 ||| RETREEEEATING.
 16325 | D:14     | 16325 ||| STAIRDANCE
 16332 | D:13     | 16332 ||| UPGRADING to +0 cloak.
 16337 | D:13     | 16337 ||| DROPPING +6 ring of intelligence.
 16344 | D:14     | 16344 ||| STAIRDANCE
 16356 | D:14     | 16356 ||| STAIRDANCE
 16440 | D:14     | 16440 ||| FLEEEEING.
 16441 | D:14     | 16441 ||| FLEEEEING.
 16442 | D:14     | 16442 ||| FLEEEEING.
 16443 | D:14     | 16443 ||| FLEEEEING.
 16444 | D:14     | 16444 ||| FLEEEEING.
 16445 | D:14     | 16445 ||| FLEEEEING.
 16446 | D:14     | 16446 ||| FLEEEEING.
 16447 | D:14     | 16447 ||| FLEEEEING.
 16448 | D:14     | 16448 ||| FLEEEEING.
 16449 | D:14     | 16449 ||| FLEEEEING.
 16450 | D:14     | 16450 ||| FLEEEEING.
 16453 | D:14     | 16453 ||| INVOKING Finesse.
 16523 | D:14     | Received a gift from Okawaru
 16564 | D:14     | Noticed a storm dragon
 16565 | D:14     | 16565 ||| INVOKING Finesse.
 16566 | D:14     | 16566 ||| INVOKING Heroism.
 16576 | D:14     | Killed a storm dragon
 16698 | D:14     | 16698 ||| UPGRADING to +0 helmet.
 16703 | D:14     | 16703 ||| DROPPING ring of fire.
 16727 | D:15     | Entered Level 15 of the Dungeon
 16761 | D:15     | Found a white marble altar of Elyvilon.
 16835 | D:15     | 16835 ||| RETREEEEATING.
 16837 | D:15     | 16837 ||| RETREEEEATING.
 16840 | D:15     | 16840 ||| RETREEEEATING.
 16985 | D:15     | Reached skill level 16 in Ranged Weapons
 17019 | D:15     | 17019 ||| FLEEEEING.
 17020 | D:15     | 17020 ||| FLEEEEING.
 17021 | D:15     | 17021 ||| FLEEEEING.
 17022 | D:15     | 17022 ||| FLEEEEING.
 17023 | D:15     | 17023 ||| FLEEEEING.
 17047 | D:15     | Received a gift from Okawaru
 17048 | D:15     | Reached XP level 16. HP: 118/118 MP: 0/0
 17115 | D:15     | Found a staircase to the Depths.
 17550 | D:15     | 17550 ||| PLANNING ORC
 17657 | Orc:1    | Entered Level 1 of the Orcish Mines
 17658 | Orc:1    | 17658 ||| STAIRDANCE
 17662 | Orc:1    | 17662 ||| STAIRDANCE
 17674 | Orc:1    | 17674 ||| FLEEEEING.
 17675 | Orc:1    | 17675 ||| FLEEEEING.
 17893 | Orc:2    | Entered Level 2 of the Orcish Mines
 17893 | Orc:2    | Found a staircase to the Elven Halls.
 17915 | Orc:1    | You are sucked into a shaft and drop 1 floor!
 17921 | Orc:2    | 17921 ||| RETREEEEATING.
 17927 | Orc:2    | 17927 ||| RETREEEEATING.
 17928 | Orc:2    | 17928 ||| INVOKING Finesse.
 17934 | Orc:2    | Received a gift from Okawaru
 17986 | Orc:2    | Received a gift from Okawaru
 17987 | Orc:2    | Reached skill level 17 in Ranged Weapons
 18149 | Orc:2    | 18149 ||| RETREEEEATING.
 18150 | Orc:2    | 18150 ||| RETREEEEATING.
 18151 | Orc:2    | 18151 ||| RETREEEEATING.
 18153 | Orc:2    | 18153 ||| RETREEEEATING.
 18272 | Orc:2    | Found Qoudybod's Antique Weapon Shop.
 18399 | Orc:2    | Found a runed translucent gate.
 18401 | Orc:2    | Found a runed translucent gate.
 18402 | Orc:2    | Identified the +2 plate armour of Restlessness {Rampage
                  | rN++ rCorr}
 18403 | Orc:2    | Found a runed translucent gate.
 18405 | Orc:2    | Noticed qw's ghost (adept GrHu)
 18414 | Orc:2    | Identified the amulet "Gohirph" {Reflect rC++ Dex+2 Slay-2
                  | SH+5}
 18428 | Orc:2    | Identified the +0 lajatang of Wisdom {holy, rPois Str+4
                  | Dex-4}
 18547 | Orc:2    | 18547 ||| FLEEEEING.
 18575 | Orc:2    | Found a dark tunnel.
 18606 | Orc:2    | Found Arghamnas's Magic Scroll Shop.
 18606 | Orc:2    | Found Ijasad's Jewellery Emporium.
 18607 | Orc:2    | Found Daopram's General Store.
 18607 | Orc:2    | Found Ynkat's Book Boutique.
 18614 | Orc:2    | 18614 ||| BUYING 2 scrolls of enchant armour (165 gold).
 18614 | Orc:2    | Bought 2 scrolls of enchant armour for 165 gold pieces
 18614 | Orc:2    | 18614 ||| BUYING scroll of identify (22 gold).
 18614 | Orc:2    | Bought a scroll of identify for 22 gold pieces
 18614 | Orc:2    | 18614 ||| READING 2 scrolls of enchant armour.
 18614 | Orc:2    | 18614 ||| ENCHANTING +0 helmet.
 18615 | Orc:2    | 18615 ||| READING scroll of enchant armour.
 18615 | Orc:2    | 18615 ||| ENCHANTING +1 helmet.
 18617 | Orc:2    | 18617 ||| BUYING +2 pair of gloves of strength (344 gold).
 18617 | Orc:2    | Bought a +2 pair of gloves of strength for 344 gold pieces
 18617 | Orc:2    | 18617 ||| BUYING amulet of faith (640 gold).
 18617 | Orc:2    | Bought an amulet of faith for 640 gold pieces
 18617 | Orc:2    | 18617 ||| BUYING potion of mutation (128 gold).
 18617 | Orc:2    | Bought a potion of mutation for 128 gold pieces
 18617 | Orc:2    | 18617 ||| BUYING wand of polymorph (1) (22 gold).
 18617 | Orc:2    | Bought a wand of polymorph (1) for 22 gold pieces
 18617 | Orc:2    | 18617 ||| DRINKING potion of mutation.
 18617 | Orc:2    | Lost mutation: You possess an exceptional clarity of mind.
                  | [potion of mutation]
 18617 | Orc:2    | Lost mutation: You are strong-willed. (Will+) [potion of
                  | mutation]
 18617 | Orc:2    | Lost mutation: You do not regenerate when monsters are
                  | visible. [potion of mutation]
 18617 | Orc:2    | Gained mutation: You have a somewhat thin skeletal
                  | structure. (Dex +2, Stealth+) [potion of mutation]
 18620 | Orc:2    | 18620 ||| SHOPLISTING amulet of reflection (480 gold, have
                  | 360).
 18817 | Orc:2    | 18817 ||| PLANNING SPIDER:1-3
 18817 | Orc:2    | 18817 ||| UPGRADING to amulet of faith.
 19021 | Spider:1 | Entered Level 1 of the Spider Nest
 19023 | Spider:1 | Noticed an emperor scorpion
 19024 | Spider:1 | 19024 ||| INVOKING Finesse.
 19030 | Spider:1 | Killed an emperor scorpion
 19041 | Spider:1 | 19041 ||| Stepping randomly (disturbance).
 19042 | Spider:1 | 19042 ||| Stepping randomly (disturbance).
 19047 | Spider:1 | Received a gift from Okawaru
 19362 | Spider:1 | Identified the +9 quarterstaff of the First Artisans
                  | {freeze, rF+ Will+ Str+2}
 19391 | Spider:1 | 19391 ||| Stepping randomly (disturbance).
 19392 | Spider:1 | 19392 ||| Stepping randomly (disturbance).
 19401 | Spider:1 | Reached skill level 15 in Dodging
 19401 | Spider:1 | Reached XP level 17. HP: 112/125 MP: 0/0
 19401 | Spider:1 | Learned a level 7 spell: Malign Gateway
 19460 | Spider:1 | 19460 ||| RETREEEEATING.
 19461 | Spider:1 | 19461 ||| RETREEEEATING.
 19462 | Spider:1 | 19462 ||| RETREEEEATING.
 19463 | Spider:1 | 19463 ||| RETREEEEATING.
 19468 | Spider:1 | 19468 ||| RETREEEEATING.
 19469 | Spider:1 | 19469 ||| RETREEEEATING.
 19470 | Spider:1 | 19470 ||| RETREEEEATING.
 19471 | Spider:1 | 19471 ||| RETREEEEATING.
 19472 | Spider:1 | 19472 ||| RETREEEEATING.
 19473 | Spider:1 | 19473 ||| DRINKING 9 potions of curing.
 19473 | Spider:1 | 19473 ||| (to cure confusion)
 19474 | Spider:1 | 19474 ||| RETREEEEATING.
 19475 | Spider:1 | 19475 ||| RETREEEEATING.
 19476 | Spider:1 | 19476 ||| RETREEEEATING.
 19477 | Spider:1 | 19477 ||| RETREEEEATING.
 19478 | Spider:1 | 19478 ||| INVOKING Finesse.
 19534 | Spider:1 | 19534 ||| READING scroll of enchant armour.
 19534 | Spider:1 | 19534 ||| ENCHANTING +0 cloak.
 19738 | Spider:1 | 19738 ||| DROPPING +1 pair of gloves.
 19739 | Spider:1 | 19739 ||| DROPPING +0 ring mail of poison resistance.
 19740 | Spider:1 | 19740 ||| READING 9 scrolls of identify.
 19740 | Spider:1 | 19740 ||| IDENTIFYING scroll labelled POTHRI FUAFFO
 19741 | Spider:1 | 19741 ||| DROPPING scroll of fear.
 19754 | Spider:2 | 19754 ||| RETREEEEATING.
 19755 | Spider:2 | 19755 ||| RETREEEEATING.
 19756 | Spider:2 | 19756 ||| RETREEEEATING.
 19757 | Spider:2 | 19757 ||| RETREEEEATING.
 19758 | Spider:2 | 19758 ||| RETREEEEATING.
 19759 | Spider:2 | 19759 ||| RETREEEEATING.
 19760 | Spider:2 | 19760 ||| INVOKING Finesse.
 19761 | Spider:2 | 19761 ||| INVOKING Heroism.
 19762 | Spider:2 | 19762 ||| DRINKING potion of haste.
 19763 | Spider:2 | 19763 ||| ZAPPING wand of paralysis (25) at 1,-1 (steelbarb
                  | worm; floor).
 19764 | Spider:2 | 19764 ||| ZAPPING wand of paralysis (24) at 1,-1 (steelbarb
                  | worm; floor).
 19771 | Spider:2 | 19771 ||| ZAPPING wand of quicksilver (3) at 0,-2 (torpor
                  | snail; floor).
 19772 | Spider:2 | 19772 ||| ZAPPING wand of quicksilver (2) at 0,-2 (torpor
                  | snail; floor).
 19773 | Spider:2 | 19773 ||| ZAPPING wand of quicksilver (1) at 0,-2 (torpor
                  | snail; floor).
 19790 | Spider:2 | Reached skill level 6 in Armour
 19811 | Spider:2 | Received a gift from Okawaru
 19830 | Spider:2 | 19830 ||| DRINKING 8 potions of curing.
 19830 | Spider:2 | 19830 ||| (to cure confusion)
 19836 | Spider:2 | 19836 ||| INVOKING Finesse.
 19837 | Spider:2 | 19837 ||| DRINKING 7 potions of curing.
 19837 | Spider:2 | 19837 ||| (to cure confusion)
 19840 | Spider:2 | HP: 27/126 [tarantella (12)]
 19841 | Spider:2 | 19841 ||| DRINKING 6 potions of curing.
 19841 | Spider:2 | 19841 ||| (to cure confusion)
 20049 | Spider:2 | 20049 ||| INVOKING Finesse.
 20058 | Spider:2 | 20058 ||| RETREEEEATING.
 20060 | Spider:2 | 20060 ||| RETREEEEATING.
 20314 | Spider:3 | 20314 ||| RETREEEEATING.
 20315 | Spider:3 | 20315 ||| RETREEEEATING.
 20326 | Spider:3 | 20326 ||| INVOKING Finesse.
 20336 | Spider:3 | HP: 30/126 [redback (6)]
 20337 | Spider:3 | 20337 ||| READING 2 scrolls of teleportation.
 20472 | Spider:3 | 20472 ||| DRINKING potion of mutation.
 20472 | Spider:3 | Lost mutation: You have a somewhat thin skeletal structure.
                  | (Dex +2, Stealth+) [potion of mutation]
 20472 | Spider:3 | Gained mutation: You are occasionally teleported next to
                  | monsters. [potion of mutation]
 20472 | Spider:3 | Lost mutation: You are occasionally teleported next to
                  | monsters. [potion of mutation]
 20472 | Spider:3 | Gained mutation: A frigid envelope surrounds you and
                  | freezes all who hurt you. [potion of mutation]
 20472 | Spider:3 | Gained mutation: You are partially covered in iridescent
                  | scales. (AC +2) [potion of mutation]
 20493 | Spider:3 | Received a gift from Okawaru
 20501 | Spider:3 | 20501 ||| RETREEEEATING.
 20502 | Spider:3 | 20502 ||| RETREEEEATING.
 20502 | Spider:3 | Noticed Arachne
 20503 | Spider:3 | 20503 ||| RETREEEEATING.
 20504 | Spider:3 | 20504 ||| RETREEEEATING.
 20506 | Spider:3 | 20506 ||| RETREEEEATING.
 20507 | Spider:3 | 20507 ||| ZAPPING wand of quicksilver (1) at -6,-5
                  | (Arachne; shallow_water).
 20512 | Spider:3 | 20512 ||| RETREEEEATING.
 20513 | Spider:3 | 20513 ||| INVOKING Finesse.
 20519 | Spider:3 | 20519 ||| RETREEEEATING.
 20523 | Spider:3 | 20523 ||| RETREEEEATING.
 20524 | Spider:3 | 20524 ||| RETREEEEATING.
 20525 | Spider:3 | 20525 ||| RETREEEEATING.
 20526 | Spider:3 | 20526 ||| RETREEEEATING.
 20527 | Spider:3 | 20527 ||| RETREEEEATING.
 20528 | Spider:3 | 20528 ||| RETREEEEATING.
 20531 | Spider:3 | Killed Arachne
 20542 | Spider:3 | Reached skill level 18 in Ranged Weapons
 20671 | Spider:3 | 20671 ||| INVOKING Finesse.
 20808 | Spider:3 | 20808 ||| Stepping randomly (disturbance).
 20875 | Spider:3 | Identified the ring "Ynemalat" {rF+ Dex+3}
 20990 | Spider:3 | 20990 ||| PLANNING SWAMP:1-3
 20990 | Spider:3 | 20990 ||| DROPPING ring of protection from fire.
 21142 | Swamp:1  | Entered Level 1 of the Swamp
 21150 | Swamp:1  | 21150 ||| INVOKING Finesse.
 21152 | Swamp:1  | Received a gift from Okawaru
 21421 | Swamp:1  | Reached XP level 18. HP: 135/135 MP: 0/0
 21804 | Swamp:1  | 21804 ||| DROPPING wand of mindburst (11).
 21826 | Swamp:2  | Noticed Mlioglotl
 21827 | Swamp:2  | 21827 ||| INVOKING Finesse.
 21829 | Swamp:2  | 21829 ||| STAIRDANCE
 21839 | Swamp:2  | 21839 ||| STAIRDANCE
 21844 | Swamp:1  | Killed Mlioglotl
 21997 | Swamp:2  | 21997 ||| RETREEEEATING.
 21998 | Swamp:2  | 21998 ||| RETREEEEATING.
 22013 | Swamp:2  | 22013 ||| RETREEEEATING.
 22014 | Swamp:2  | 22014 ||| RETREEEEATING.
 22015 | Swamp:2  | 22015 ||| RETREEEEATING.
 22016 | Swamp:2  | 22016 ||| RETREEEEATING.
 22017 | Swamp:2  | 22017 ||| RETREEEEATING.
 22018 | Swamp:2  | 22018 ||| RETREEEEATING.
 22019 | Swamp:2  | 22019 ||| RETREEEEATING.
 22052 | Swamp:2  | Noticed Louise
 22074 | Swamp:2  | Killed Louise
 22077 | Swamp:2  | 22077 ||| RETREEEEATING.
 22078 | Swamp:2  | 22078 ||| RETREEEEATING.
 22079 | Swamp:2  | 22079 ||| RETREEEEATING.
 22080 | Swamp:2  | 22080 ||| RETREEEEATING.
 22111 | Swamp:2  | Identified the +1 robe of Grot {rN+ Regen+ rCorr Int-5}
 22125 | Swamp:2  | Received a gift from Okawaru
 22230 | Swamp:2  | 22230 ||| DRINKING potion of mutation.
 22230 | Swamp:2  | Lost mutation: You are partially covered in iridescent
                  | scales. (AC +2) [potion of mutation]
 22230 | Swamp:2  | Lost mutation: A frigid envelope surrounds you and freezes
                  | all who hurt you. [potion of mutation]
 22230 | Swamp:2  | Gained mutation: You have a pair of small horns on your
                  | head. [potion of mutation]
 22230 | Swamp:2  | Gained mutation: You have hidden genetic potential. [potion
                  | of mutation]
 22230 | Swamp:2  | Gained mutation: You are clumsy. (Dex -2) [potion of
                  | mutation]
 22410 | Swamp:2  | 22410 ||| UPGRADING to +1 robe of Grot {rN+ Regen+ rCorr
                  | Int-5}.
 22420 | Swamp:2  | 22420 ||| DROPPING +2 helmet.
 22436 | Swamp:3  | Noticed Bai Suzhen
 22437 | Swamp:3  | 22437 ||| INVOKING Finesse.
 22449 | Swamp:3  | Killed Bai Suzhen
 22623 | Swamp:3  | 22623 ||| INVOKING Finesse.
 22878 | Swamp:3  | Found a runed translucent door.
 23040 | Swamp:3  | 23040 ||| PLANNING SPIDER:4
 23206 | Spider:4 | Entered Level 4 of the Spider Nest
 23210 | Spider:4 | 23210 ||| INVOKING Finesse.
 23214 | Spider:4 | 23214 ||| INVOKING Heroism.
 23217 | Spider:4 | Reached skill level 19 in Ranged Weapons
 23231 | Spider:4 | 23231 ||| RETREEEEATING.
 23232 | Spider:4 | 23232 ||| RETREEEEATING.
 23233 | Spider:4 | 23233 ||| RETREEEEATING.
 23234 | Spider:4 | 23234 ||| RETREEEEATING.
 23235 | Spider:4 | 23235 ||| RETREEEEATING.
 23236 | Spider:4 | 23236 ||| RETREEEEATING.
 23237 | Spider:4 | 23237 ||| RETREEEEATING.
 23240 | Spider:4 | Received a gift from Okawaru
 23403 | Spider:4 | 23403 ||| RETREEEEATING.
 23507 | Spider:4 | 23507 ||| RETREEEEATING.
 23508 | Spider:4 | 23508 ||| RETREEEEATING.
 23509 | Spider:4 | 23509 ||| RETREEEEATING.
 23510 | Spider:4 | 23510 ||| RETREEEEATING.
 23511 | Spider:4 | 23511 ||| RETREEEEATING.
 23513 | Spider:4 | 23513 ||| RETREEEEATING.
 23514 | Spider:4 | 23514 ||| RETREEEEATING.
 23516 | Spider:4 | 23516 ||| RETREEEEATING.
 23517 | Spider:4 | 23517 ||| RETREEEEATING.
 23518 | Spider:4 | 23518 ||| RETREEEEATING.
 23519 | Spider:4 | 23519 ||| RETREEEEATING.
 23520 | Spider:4 | 23520 ||| RETREEEEATING.
 23521 | Spider:4 | 23521 ||| RETREEEEATING.
 23522 | Spider:4 | 23522 ||| RETREEEEATING.
 23523 | Spider:4 | 23523 ||| RETREEEEATING.
 23524 | Spider:4 | 23524 ||| RETREEEEATING.
 23525 | Spider:4 | 23525 ||| RETREEEEATING.
 23526 | Spider:4 | 23526 ||| RETREEEEATING.
 23527 | Spider:4 | 23527 ||| RETREEEEATING.
 23528 | Spider:4 | 23528 ||| RETREEEEATING.
 23529 | Spider:4 | 23529 ||| RETREEEEATING.
 23534 | Spider:4 | 23534 ||| RETREEEEATING.
 23696 | Spider:4 | HP: 32/137 [meliai/divine providence (8)]
 23697 | Spider:4 | 23697 ||| READING 2 scrolls of teleportation.
 23698 | Spider:4 | 23698 ||| DRINKING potion of heal wounds.
 23797 | Spider:4 | 23797 ||| RETREEEEATING.
 23798 | Spider:4 | 23798 ||| RETREEEEATING.
 23799 | Spider:4 | 23799 ||| RETREEEEATING.
 23802 | Spider:4 | 23802 ||| RETREEEEATING.
 23804 | Spider:4 | 23804 ||| RETREEEEATING.
 23815 | Spider:4 | Reached skill level 15 in Fighting
 23839 | Spider:4 | 23839 ||| DRINKING 8 potions of curing.
 23839 | Spider:4 | 23839 ||| (to cure confusion)
 23907 | Spider:4 | 23907 ||| RETREEEEATING.
 23911 | Spider:4 | 23911 ||| RETREEEEATING.
 23912 | Spider:4 | 23912 ||| RETREEEEATING.
 23915 | Spider:4 | 23915 ||| RETREEEEATING.
 23919 | Spider:4 | 23919 ||| RETREEEEATING.
 23920 | Spider:4 | 23920 ||| RETREEEEATING.
 23921 | Spider:4 | Received a gift from Okawaru
 24040 | Spider:4 | 24040 ||| FLEEEEING.
 24041 | Spider:4 | 24041 ||| FLEEEEING.
 24042 | Spider:4 | 24042 ||| FLEEEEING.
 24052 | Spider:4 | 24052 ||| FLEEEEING.
 24054 | Spider:4 | 24054 ||| INVOKING Finesse.
 24141 | Spider:4 | 24141 ||| DRINKING 7 potions of curing.
 24141 | Spider:4 | 24141 ||| (to cure confusion)
 24207 | Spider:4 | 24207 ||| RETREEEEATING.
 24208 | Spider:4 | 24208 ||| INVOKING Finesse.
 24209 | Spider:4 | 24209 ||| DRINKING 6 potions of curing.
 24209 | Spider:4 | 24209 ||| (to cure confusion)
 24272 | Spider:4 | Reached XP level 19. HP: 143/143 MP: 0/0
 24272 | Spider:4 | Learned a level 7 spell: Orb of Destruction
 24275 | Spider:4 | 24275 ||| RETREEEEATING.
 24276 | Spider:4 | 24276 ||| RETREEEEATING.
 24278 | Spider:4 | 24278 ||| INVOKING Finesse.
 24281 | Spider:4 | 24281 ||| RETREEEEATING.
 24283 | Spider:4 | 24283 ||| RETREEEEATING.
 24285 | Spider:4 | 24285 ||| RETREEEEATING.
 24287 | Spider:4 | 24287 ||| RETREEEEATING.
 24288 | Spider:4 | 24288 ||| RETREEEEATING.
 24290 | Spider:4 | 24290 ||| RETREEEEATING.
 24291 | Spider:4 | 24291 ||| RETREEEEATING.
 24292 | Spider:4 | 24292 ||| RETREEEEATING.
 24294 | Spider:4 | 24294 ||| RETREEEEATING.
 24296 | Spider:4 | 24296 ||| INVOKING Heroism.
 24307 | Spider:4 | HP: 35/143 [meliai/divine providence (16)]
 24308 | Spider:4 | 24308 ||| READING scroll of teleportation.
 24310 | Spider:4 | HP: 9/143 [wolf spider[a broodmother] (13)]
 24310 | Spider:4 | Mangled by a steelbarb worm

Levels and vault maps discovered:
D:1:      lightli_molten_gateway, layout_loops_cross, serial_shops, shop
D:2:      layout_basic, dk_vineyard_2, amcnicky_mini_pool_small,
          minmay_pentomino_o2
D:3:      layout_basic, uniq_natasha
D:4:      layout_basic, nicolae_overflow_hidden_temple, serial_shops, shop,
          shop, shop, shop, shop
D:5:      layout_basic, minmay_temple_entry_hall, goddamned_bats
D:6:      layout_rooms, jmf_multi_god_temple2, gammafunk_ghost_necromancy,
          uniq_edmund, uniq_jeremiah, uniq_crazy_yiuf_cottage
D:7:      layout_loops_ring, mainiacjoe_overflow_swirl
D:8:      layout_rooms, nicolae_gozag_cash_rules_everything_around_me,
          serial_shops, nicolae_shop_tiny_waterfront, minmay_quadrilaterals
D:9:      layout_loops_cross, gammafunk_temple_overflow_wave, orc_0_dummy
D:10:     layout_basic, grunt_lair_entry_orc_guard_hut, enter_bailey_5,
          minmay_fire_ice_demons
D:11:     layout_basic, hellmonk_guarded_unrand_gyre_and_gimble
D:12:     layout_basic, st_stairs_3, minmay_lizard_king, uniq_nessos
D:13:     layout_cave_pools
D:14:     thingy_vault, layout_irregular_city, grunt_vaults_entry_tiered,
          abandoned_shop
D:15:     grunt_enter_depths_magical_seal, layout_loops_ring, elyvilon_altar_1
Temple:   nicolae_temple_great_sept
Lair:1:   layout_chaotic_city, infiniplex_staircase_pool_2
Lair:2:   layout_small_grid, mainiacjoe_swamp_entry_lozenge_pond, uniq_nergalle
Lair:3:   layout_chaotic_city, nicolae_spider_entry_orb_guardian, basic_altar,
          lemuel_fruit_fields, uniq_rupert
Lair:4:   layout_layer_cave
Lair:5:   gammafunk_lair_ancient_temple, layout_regular_city, slime_entry_1,
          serial_bayou_shore_a, serial_bayou_shore_b, lemuel_fruit_tree
Swamp:1:  layout_basic_swamp, evilmike_swamp_ruin_house_6, swamp_pool_4,
          nicolae_swamp_some_circles, nicolae_swamp_reclaimed_castle,
          infiniplex_staircase_pool
Swamp:2:  layout_falls_marsh, evilmike_swamp_ruin_rubble_1, uniq_louise,
          uniq_mlioglotl
Swamp:3:  gammafunk_mikee_crab_dinner, layout_basic_swamp, serial_swamp_ruin,
          evilmike_swamp_ruin_rubble_2, evilmike_swamp_ruin_house_1,
          evilmike_swamp_ruin_house_4, uniq_bai_suzhen
Spider:1: layout_spider_delve
Spider:2: layout_spider_delve
Spider:3: layout_spider_delve, worms_lemuel, uniq_arachne
Spider:4: hellmonk_spider_rune_endless_swarm, guppyfry_spider_mini_1
Orc:1:    layout_diamond_mine
Orc:2:    st_orc_ogre_mass, layout_caves, nicolae_volcano_entry_batcave,
          biasface_ghost_orc_armoury, serial_shops, shop

Skill      XL: |  1  2  3  4  5  6  7  8  9 10 11 12 13 14 15 16 17 18 |
---------------+-------------------------------------------------------+-----
Ranged Weapons | 4 5 6 7 8 10 11 13 14 16 17 18 19 | 19.0
Armour         | 1 2 4 5 6 |  6.0
Fighting       | 3 4 5 6 7 8 9 10 11 12 14 15 | 15.0
Dodging        | 3 4 6 8 9 10 11 12 13 15 17 | 17.0
Invocations    | 1 4 7 10 | 10.0
Stealth        | |  0.7

Action                     |  1- 3 |  4- 6 |  7- 9 | 10-12 | 13-15 | 16-18 | 19-21 || total
---------------------------+-------+-------+-------+-------+-------+-------+-------++-------
   Fire: Shortbow          |    97 |    56 |       |       |       |       |       ||   153
         Orcbow            |       |       |   330 |   555 |   515 |       |       ||  1400
         Longbow           |       |       |       |       |   171 |       |       ||   171
         Hand cannon       |       |       |       |       |   242 |  1211 |    22 ||  1475
 Invoke: Heroism           |       |       |       |     4 |     1 |     2 |     1 ||     8
         Finesse           |       |       |       |     5 |     9 |    16 |     1 ||    31
         Receive Weapon    |       |       |       |       |     1 |       |       ||     1
         Receive Armour    |       |       |       |       |     1 |       |       ||     1
  Evoke: Wand              |       |       |       |       |       |     6 |       ||     6
    Use: Scroll            |     5 |       |    15 |     7 |     9 |     6 |     1 ||    43
         Potion            |     2 |       |     2 |     3 |    13 |    12 |       ||    32
 Armour: Leather armour    |     6 |       |       |       |       |       |       ||     6
         Ring mail         |    19 |    35 |    20 |       |       |       |       ||    74
         Robe              |       |       |   134 |   287 |   165 |   142 |    17 ||   745
         Troll leather arm |       |       |       |       |   116 |   251 |       ||   367
  Dodge: Dodged            |    41 |    24 |   207 |   438 |   567 |  1156 |    65 ||  2498

Table legend:
 A = Non-vault XP
 B = Vault XP
 C = Vault XP percentage of total XP
 D = Non-vault monster count
 E = Vault monster count
 F = Vault count percentage of total count
                 A         B        C        D         E       F
            +---------+---------+-------+---------+---------+-------
      Total |  169974 |   98637 |  36.7 |     608 |     251 |  29.2
            +---------+---------+-------+---------+---------+-------
        D:1 |      19 |       0 |   0.0 |      12 |       0 |   0.0
        D:2 |      41 |       0 |   0.0 |      14 |       0 |   0.0
        D:3 |      80 |      36 |  31.0 |      16 |       1 |   5.9
        D:4 |     104 |       0 |   0.0 |       5 |       0 |   0.0
        D:5 |     907 |     172 |  15.9 |      11 |      20 |  64.5
        D:6 |     170 |     600 |  77.9 |       6 |       4 |  40.0
        D:7 |     447 |       0 |   0.0 |      19 |       0 |   0.0
        D:8 |     639 |     401 |  38.6 |      15 |       7 |  31.8
        D:9 |    1504 |       0 |   0.0 |      15 |       0 |   0.0
       D:10 |    1024 |    1441 |  58.5 |      24 |      19 |  44.2
       D:11 |    6323 |    1815 |  22.3 |      17 |       3 |  15.0
       D:12 |    5817 |    2335 |  28.6 |      23 |      14 |  37.8
       D:13 |    7547 |       0 |   0.0 |      19 |       0 |   0.0
       D:14 |    8436 |   16718 |  66.5 |      21 |      42 |  66.7
       D:15 |    9500 |    5175 |  35.3 |      18 |      10 |  35.7
     Lair:1 |    6534 |       0 |   0.0 |      28 |       0 |   0.0
     Lair:2 |    6148 |    2004 |  24.6 |      27 |       3 |  10.0
     Lair:3 |    6343 |    2496 |  28.2 |      22 |       2 |   8.3
     Lair:4 |    4664 |       0 |   0.0 |      18 |       0 |   0.0
     Lair:5 |    7263 |   11701 |  61.7 |      21 |      25 |  54.3
    Swamp:1 |   14958 |    1801 |  10.7 |      30 |       1 |   3.2
    Swamp:2 |   11529 |    1199 |   9.4 |      22 |       1 |   4.3
    Swamp:3 |    9974 |    3212 |  24.4 |      20 |       1 |   4.8
   Spider:1 |   13848 |       0 |   0.0 |      30 |       0 |   0.0
   Spider:2 |   15907 |       0 |   0.0 |      42 |       0 |   0.0
   Spider:3 |   11275 |    8835 |  43.9 |      23 |      10 |  30.3
   Spider:4 |   13054 |   20028 |  60.5 |      28 |      46 |  62.2
      Orc:1 |    2015 |       0 |   0.0 |      30 |       0 |   0.0
      Orc:2 |    3904 |   18668 |  82.7 |      32 |      42 |  56.8
            +---------+---------+-------+---------+---------+-------
